 Dungeon Crawl Stone Soup version 0.23.2-1-ga50397a6bc (webtiles) character file.

Game seed: 5425892639305477575

22 Mrkan the Poker (level 2, 0/23 HPs)
             Began as a Merfolk Skald on May 13, 2019.
             Slain by an ooze (1 damage)
             ... on level 1 of the Dungeon on May 14, 2019.
             The game lasted 00:04:36 (689 turns).

Mrkan the Poker (Merfolk Skald)                      Turns: 689, Time: 00:04:36

Health: 0/23       AC:  3    Str: 11    XL:     2   Next: 91%
Magic:  5/5        EV: 12    Int: 12    God:
Gold:   24         SH:  0    Dex: 13    Spells: 4/5 levels left

rFire    . . .     SeeInvis .   a - +0 spear
rCold    . . .     Gourm    .   (no shield)
rNeg     . . .     Faith    .   b - +0 leather armour
rPois    .         Spirit   .   (no helmet)
rElec    .         Reflect  .   (no cloak)
rCorr    .         Harm     .   (no gloves)
MR       .....                  (no boots)
Stlth    +.........             (no amulet)
HPRegen  0.07/turn              (no ring)
MPRegen  0.09/turn              (no ring)

@: no status effects
A: change form in water, swift swim, stealthy swim
a: no special abilities


You were on level 1 of the Dungeon.
You were not hungry.

You visited 1 branch of the dungeon, and saw 1 of its levels.

You collected 24 gold pieces.

Inventory:

Hand Weapons
 a - a +0 spear (weapon)
Armour
 b - a +0 leather armour (worn)
Scrolls
 e - a scroll of enchant weapon {unknown}
Potions
 c - a potion of experience {unknown}
 f - a potion of degeneration {unknown}
Comestibles
 d - a ration


   Skills:
 + Level 2.4 Fighting
 * Level 4.2 Polearms
 - Level 0.6 Armour
 - Level 2.6 Dodging
 + Level 2.3 Spellcasting
 - Level 3.2 Charms


You had 4 spell levels left.
You knew the following spells:

 Your Spells              Type           Power        Failure   Level  Hunger
a - Infusion              Chrm           #...         9%          1    ##.....

Your spell library contained the following spells:

 Spells                   Type           Power        Failure   Level  Hunger
 Song of Slaying          Chrm           #.......     14%         2    ###....
 Shroud of Golubria       Chrm/Tloc      #.........   26%         2    ###....
 Regeneration             Chrm/Necr      #.........   47%         3    ####...
 Spectral Weapon          Hex/Chrm       #.......     47%         3    ####...


Dungeon Overview and Level Annotations

Branches:
Dungeon (1/15)

Altars:


Message History

The kobold barely misses you.
You hit the kobold but do no damage.
The kobold is heavily wounded.
The kobold hits you but does no damage.
You hit the kobold but do no damage.
The kobold is heavily wounded.
A jackal comes into view.
The kobold hits you with a +0 short sword.
The jackal barks!
You hit the kobold.
You kill the kobold!
You hear a bark!
You barely miss the ooze. The ooze hits you.
* * * LOW HITPOINT WARNING * * *
You completely miss the ooze. The ooze hits you.
* * * LOW HITPOINT WARNING * * *
You hit the ooze.
The ooze is moderately wounded.
The ooze hits you.
You die...

.........#............
..####..............#.
.....[...........####.
...##...########.# #.
........## #)# #.
..####...# ###'####.
..(......# #9#.#N##.
..$######..# ###.####.
....hhJ@...# #o#.#p##.
#.########.# ###.####.
..# #d#.#e##. ###
###.####. #i#.#H#..
###.##### #T#.#Q#..
###.###.# #a#.#m#.#


You could see an ooze and 2 jackals.

Vanquished Creatures
  A dart slug (D:1)
  A leopard gecko (D:1)
  5 bats (D:1)
  A giant cockroach (D:1)
  2 goblins (D:1)
  A hobgoblin (D:1)
  2 kobolds (D:1)
  2 ball pythons (D:1)
  4 rats (D:1)
19 creatures vanquished.

Notes
Turn   | Place    | Note
-------+----------+-------------------------------------------
     0 | D:1      | Mrkan the Merfolk Skald began the quest for the Orb.
     0 | D:1      | Reached XP level 1. HP: 16/16 MP: 3/3
     2 | D:1      | Noticed a demonspawn
     2 | D:1      | Noticed a vine stalker
     4 | D:1      | Noticed an ogre
    10 | D:1      | Noticed a centaur
    10 | D:1      | Noticed a dwarf
    12 | D:1      | Noticed a demigod
    12 | D:1      | Noticed an octopode
    14 | D:1      | Noticed a ghoul
    14 | D:1      | Noticed a halfling
    16 | D:1      | Noticed a felid
    18 | D:1      | Noticed a vampire
    20 | D:1      | Noticed a formicid
    20 | D:1      | Noticed a merfolk
    22 | D:1      | Noticed a troll
    22 | D:1      | Noticed a tengu
    24 | D:1      | Noticed a spriggan
    24 | D:1      | Noticed a minotaur
    26 | D:1      | Noticed a draconian
    26 | D:1      | Noticed an elf
    28 | D:1      | Noticed a human
    30 | D:1      | Noticed a gargoyle
    30 | D:1      | Noticed a naga
   105 | D:1      | Reached XP level 2. HP: 11/22 MP: 5/5
   524 | D:1      | Reached skill level 4 in Polearms
   688 | D:1      | HP: 1/23 [ooze (5)]
   689 | D:1      | Slain by an ooze

Skill      XL: |  1  2 |
---------------+-------+-----
Polearms       | 4 |  4.2
Fighting       | |  2.4
Armour         | |  0.6
Dodging        | |  2.6
Spellcasting   | |  2.3
Charms         | |  3.2

Action                   || total
-------------------------++-------
Melee: Spear             ||    89
 Cast: Infusion          ||     3
Armor: Leather armour    ||    44
Dodge: Dodged            ||    81
